Map: Triton LE

Players

DesPerATE

  • Race: Terran Terran
  • League: Master
  • Spawn Location: 5:00

lIlIlIlIlIlI - Winner!

  • Race: Protoss Protoss
  • League: Master
  • Spawn Location: 11:00

VOD

Have the link to the VOD?

Description

Time

  • Played on: Sept. 17, 2019, 6:46 a.m.
  • Length: 7:05
Show
View Real Time Build Order
Export as new Build Order

DesPerATE Terran 

Build Orders: Gas First Reaper Expand 

Get SALT Encoding   

  12  0:00  SCV  
  13  0:13  SCV  
  14  0:16  Supply Depot  
  14  0:25  SCV  
  14  0:27  Refinery  
  15  0:38  SCV  
  16  0:44  Barracks  
  16  0:50  SCV  
  17  1:02  SCV  
  18  1:14  SCV  
  19  1:31  Orbital Command  
  19  1:32  Reaper  
  20  1:45  Command Center  
  20  1:57  SCV  
  20  2:00  Factory  
  21  2:04  Barracks Reactor  
  21  2:09  SCV  
  21  2:13  Supply Depot  
  22  2:21  SCV  
  22  2:22  Bunker  
  23  2:35  Refinery, SCV  
  24  2:41  Marine x2  
  26  2:47  SCV  
  26  2:48  Starport  
  27  2:55  Factory Tech Lab  
  27  2:59  SCV, Marine x2  
  27  3:05  Orbital Command  
  30  3:11  SCV  
  31  3:22  Marine x2  
  31  3:23  SCV  
  33  3:30  SCV  
  34  3:35  SCV  
  34  3:36  Raven  
  34  3:39  Supply Depot  
  34  3:40  Marine x2  
  39  3:42  SCV  
  39  3:44  Supply Depot  
  39  3:46  Factory Tech Lab  
  39  3:47  SCV  
  41  3:55  SCV  
  42  3:59  SCV  
  42  4:01  Marine x2  
  45  4:07  SCV  
  46  4:11  Supply Depot, SCV  
  47  4:19  SCV  
  47  4:23  SCV  
  49  4:26  Marine x2  
  49  4:27  Command Center  
  49  4:30  Starport Reactor  
  49  4:31  SCV  
  52  4:34  Factory Reactor  
  52  4:35  SCV  
  53  4:43  SCV  
  51  4:48  SCV  
  44  4:55  SCV  
  44  5:00  SCV  
  45  5:07  Marine, SCV  
  45  5:08  Marine  
  45  5:12  SCV  
  45  5:14  Supply Depot  
  48  5:19  SCV  
  48  5:24  SCV  
  49  5:31  SCV  
  50  5:36  SCV  
  50  5:41  Marine x2  
  53  5:43  SCV  
  53  5:48  Starport Reactor, SCV  
  53  5:49  Barracks  
  55  5:50  Orbital Command  
  55  5:52  Barracks  
  55  5:55  SCV  
  56  5:59  Marine x2  
  56  6:00  SCV  
  59  6:08  Engineering Bay x2, SCV  
  60  6:12  SCV  
  60  6:16  Marine x2  
  60  6:17  Refinery  
  60  6:18  SCV  
  64  6:19  Refinery  
  64  6:20  SCV  
  64  6:24  SCV  
  65  6:30  SCV  
  65  6:32  SCV  
  67  6:34  Marine x2  
  67  6:36  SCV  
  67  6:39  Missile Turret  
  70  6:40  Missile Turret  
  61  6:49  SCV  
  61  6:51  SCV  
Show
View Real Time Build Order
Export as new Build Order

lIlIlIlIlIlI Protoss - Winner!

Build Orders: 1 Gate Expand, Zealot Archon, Dark Templar Rush 

Get SALT Encoding   

  12  0:00  Probe  
  13  0:12  Probe  
  14  0:17  Pylon  
  14  0:25  Probe (Chrono Boost)  
  15  0:37  Probe (Chrono Boost)  
  15  0:40  Gateway  
  16  0:43  Probe (Chrono Boost)  
  16  0:46  Assimilator  
  17  0:51  Probe  
  18  1:03  Probe  
  19  1:22  Nexus  
  19  1:29  Cybernetics Core  
  19  1:32  Probe  
  20  1:38  Assimilator  
  20  1:44  Probe  
  21  1:48  Pylon  
  21  1:56  Probe  
  22  2:03  Adept (Chrono Boost)  
  22  2:06  Warp Gate  
  24  2:08  Probe  
  25  2:20  Probe  
  25  2:21  Twilight Council  
  26  2:26  Pylon  
  26  2:33  Probe  
  27  2:37  Probe  
  27  2:43  Adept  
  30  2:45  Probe (Chrono Boost)  
  30  2:51  Probe (Chrono Boost)  
  32  2:58  Robotics Facility  
  32  3:01  Probe (Chrono Boost)  
  32  3:02  Probe (Chrono Boost)  
  34  3:11  Dark Shrine  
  34  3:15  Probe x2  
  36  3:26  Gateway  
  36  3:27  Probe  
  36  3:28  Probe  
  36  3:31  Gateway  
  38  3:40  Probe x2, Assimilator  
  40  3:46  Warp Prism (Chrono Boost)  
  40  3:52  Probe  
  40  3:54  Probe  
  44  3:59  Pylon  
  44  4:04  Probe  
  44  4:06  Probe  
  44  4:07  Pylon  
  46  4:21  Probe  
  46  4:22  Probe  
  48  4:26  Dark Templar  
  48  4:27  Dark Templar x2  
  48  4:29  Charge  
  54  4:52  Immortal (Chrono Boost)  
  54  4:53  Probe x2  
  56  5:00  Zealot x3  
  62  5:12  Nexus  
  62  5:18  Probe x2  
  64  5:21  Pylon  
  64  5:27  Immortal (Chrono Boost)  
  66  5:29  Gateway  
  66  5:30  Gateway  
  66  5:36  Gateway  
  66  5:44  Gateway x2  
  66  5:52  Dark Templar x2  
  66  5:54  Zealot  
  72  5:58  Observer  
  73  6:04  Pylon  
  73  6:06  Pylon  
  73  6:12  Pylon  
  73  6:22  Zealot  
  75  6:31  Dark Templar x2  
  75  6:32  Dark Templar  
  81  6:38  Zealot  
  81  6:39  Zealot x3  
  87  6:50  Archon  
  87  6:51  Archon  
  79  6:58  Zealot  
  79  6:59  Zealot x4  
  85  7:03  Zealot x2  
Tags
 
Add a new tag
Caveats
  • Supply blocks, unpowered buildings, or Contaminate may cause inaccurate times.
  • Supply counts are checked every 10 seconds.